 Dungeon Crawl Stone Soup version 0.32-a0-306-gfed3edf829 (webtiles) character file.

Game seed: 7042204649779577973

545 holysushi the Cutter (level 7, -6/35 HPs)
             Began as a Vine Stalker Monk on Feb 15, 2024.
             Mangled by Dittersdorf's ghost (12 damage)
             ... on level 4 of the Dungeon.
             The game lasted 00:04:11 (3054 turns).

holysushi the Cutter (Vine Stalker Monk)            Turns: 3054, Time: 00:04:11

Health: -6/35      AC:  2    Str: 13    XL:     7   Next: 27%
Magic:  0/13       EV: 13    Int: 10    God:
Gold:   168        SH:  0    Dex: 19    Spells: 12/12 levels left

rFire   . . .        a - +1 short sword
rCold   . . .        d - orb {light}
rNeg    . . .        b - +0 robe
rPois   .            (no helmet)
rElec   .            q - scarf {repulsion}
rCorr   .            (no gloves)
SInv    +            (no boots)
Will    .....        w - amulet of regeneration
Stlth   +            (no ring)
HPRegen 1.85/turn    (no ring)
MPRegen 0.13/turn

%: repel missiles, guardian spirit
@: glowing
A: fangs 2, regeneration 1, magic shield, antimagic bite, no potion heal 2
a: no special abilities


You were on level 4 of the Dungeon.
You visited 2 branches of the dungeon, and saw 5 of its levels.

You collected 168 gold pieces.

Inventory:

Hand Weapons
 a - a +1 short sword (weapon)
Missiles
 g - a throwing net (quivered)
Armour
 b - a +0 robe (worn)
 d - an orb of light (worn)
 h - a +1 cloak
 q - a scarf of repulsion (worn)
Jewellery
 o - an amulet of the acrobat
 w - an amulet of regeneration (around neck)
Wands
 f - a wand of mindburst (4)
 v - a wand of flame (8)
Scrolls
 i - a scroll of amnesia
 r - a scroll of torment {unknown}
 t - a scroll of acquirement {unknown}
 u - a scroll of poison {unknown}
 x - a scroll of teleportation {unknown}
Potions
 c - a potion of ambrosia
 e - 3 potions of might
 j - a potion of curing
 m - a potion of attraction
 s - a potion of mutation


   Skills:
 - Level 2.6 Fighting
 + Level 6.6 Short Blades
 - Level 2.4 Dodging
 - Level 3.4 Spellcasting


You had 12 spell levels left.
You didn't know any spells.
Your spell library was empty.

Dungeon Overview and Level Annotations

Branches:
Dungeon (4/15) Zot: 21012  Temple (1/1) D:4 Zot: 5995

Altars:
Ashenzari
Cheibriados
Dithmenos
Elyvilon
Fedhas
Hepliaklqana
Kikubaaqudgha
Nemelex Xobeh
Qazlal
Ru
Sif Muna
Trog
Wu Jian
Xom
Yredelemnul
Zin
The Shining One

Shops:
D:1 =

Annotations:
D:2 1 runed translucent door, Crazy Yiuf
D:4 1 runed translucent door, Dittersdorf's ghost, amateur GrFi


Innate Abilities, Weirdness & Mutations

You have extremely sharp teeth.
Your natural rate of healing is unusually fast.
When hurt, damage is shared between your health and your magic reserves.
Your bite disrupts and absorbs the magic of your enemies.
Potions cannot restore your health.


Message History

Dittersdorf's ghost is moderately damaged.
Dittersdorf's ghost hits you but does no damage.
You hit Dittersdorf's ghost but do no damage.
Dittersdorf's ghost is moderately damaged.
You hit Dittersdorf's ghost. Your bite misses Dittersdorf's ghost.
Dittersdorf's ghost is moderately damaged.
Dittersdorf's ghost barely misses you.
You hit Dittersdorf's ghost but do no damage.
You bite Dittersdorf's ghost, but do no damage.
Dittersdorf's ghost is moderately damaged.
Dittersdorf's ghost hits you!
You hit Dittersdorf's ghost but do no damage.
You bite Dittersdorf's ghost, but do no damage.
Dittersdorf's ghost is moderately damaged.
You hit Dittersdorf's ghost but do no damage.
You bite Dittersdorf's ghost, but do no damage.
Dittersdorf's ghost is moderately damaged.
Dittersdorf's ghost closely misses you.
You completely miss Dittersdorf's ghost.
You bite Dittersdorf's ghost, but do no damage.
Dittersdorf's ghost is moderately damaged.
Dittersdorf's ghost hits you!
You hit Dittersdorf's ghost but do no damage.
Dittersdorf's ghost is moderately damaged.
You hit Dittersdorf's ghost but do no damage.
Dittersdorf's ghost is moderately damaged.
Dittersdorf's ghost hits you!
You hit Dittersdorf's ghost but do no damage.
You bite Dittersdorf's ghost, but do no damage.
Dittersdorf's ghost is moderately damaged.
Okay, then.
As you read the scroll labelled SUCUEBB JYOKK, it crumbles to dust.
It is a scroll of enchant weapon.
Your +0 short sword glows red for a moment.
Dittersdorf's ghost hits you!
* * * LOW HITPOINT WARNING * * *
As you read the scroll labelled DAINKU FOEXT, it crumbles to dust.
You feel aware of your surroundings.
It was a scroll of revelation.
Dittersdorf's ghost hits you!
You die...

#.## ##.##.########.* #.###[
##.###..##.########,###.###.
##.#.#.##รท########,......>.
##.##.##.########,###.####
#.##.##.###.....,,,..#
#.##.##.###.....,**#.#
#...#...###..###.* #.#
####.##.###..###.###.###
###.##.@##..###.#.....#
###.##..W.......#.....##
###.###.#...#.#.........
###.###..#.<##........##
###.###..#[.#.........#
###.##...#.#........###
###.#...............#
###.#....#....)....##
#.#.#...........##


You could see Dittersdorf's ghost.

Vanquished Creatures
  An ogre (D:4)
  A phantom (D:4)
  A bullfrog (D:4)
  2 scorpions
  A gnoll (D:2)
  5 adders
  3 ribbon worms
  An orc (D:4)
  3 ball pythons
  3 bats
  11 endoplasms
  4 giant cockroaches
  9 goblins
  8 hobgoblins
  6 jackals
  4 quokkas
  6 frilled lizards
  8 kobolds
  6 rats
83 creatures vanquished.

Notes
Turn   | Place    | Note
-------+----------+-------------------------------------------
     0 | D:1      | holysushi the Vine Stalker Monk began the quest for the
                  | Orb.
     0 | D:1      | Reached XP level 1. HP: 11/11 MP: 2/2
    58 | D:1      | Reached skill level 3 in Short Blades
    69 | D:1      | Reached XP level 2. HP: 16/16 MP: 3/3
   186 | D:1      | Reached XP level 3. HP: 19/19 MP: 4/4
   371 | D:1      | Reached skill level 1 in Spellcasting
   467 | D:1      | Found Velaylirph's Jewellery Shoppe.
   505 | D:1      | Reached skill level 4 in Short Blades
   583 | D:1      | Reached XP level 4. HP: 23/23 MP: 7/7
   840 | D:2      | Noticed a scorpion
   863 | D:2      | Killed a scorpion
   864 | D:2      | Reached XP level 5. HP: 21/27 MP: 3/9
  1411 | D:2      | Found a runed translucent door.
  1412 | D:2      | Noticed Crazy Yiuf
  2126 | D:3      | Reached XP level 6. HP: 29/32 MP: 9/11
  2333 | D:4      | Found a staircase to the Ecumenical Temple.
  2345 | Temple   | Entered the Ecumenical Temple
  2411 | D:4      | Reached skill level 5 in Short Blades
  2699 | D:4      | Found a runed translucent door.
  2704 | D:4      | Noticed Dittersdorf's ghost (amateur GrFi)
  2736 | D:4      | Reached skill level 6 in Short Blades
  2736 | D:4      | Reached XP level 7. HP: 25/35 MP: 6/13
  2857 | D:4      | Found a runed translucent door.
  3054 | D:4      | Mangled by Dittersdorf's ghost

Illustrated notes

Levels and vault maps discovered:
D:1:      minmay_arrival_stair_chambers, layout_loops_cross, serial_shops,
          nicolae_shop_gaudy_bauble, amcnicky_mini_pool_small, st_stairs_4
D:2:      layout_loops_ring, minmay_unequal, uniq_crazy_yiuf_cottage
D:3:      layout_basic
D:4:      layout_loops_ring, minmay_temple_entry_gardened_gates,
          ebering_ghost_sewer_f
Temple:   minmay_temple_bridge_d

Skill      XL: |  1  2  3  4  5  6 |
---------------+-------------------+-----
Short Blades   | 3 4 6 |  6.6
Spellcasting   | 1 2 3 |  3.4
Fighting       | |  2.6
Dodging        | |  2.4

Action                     |  1- 3 |  4- 6 |  7- 9 || total
---------------------------+-------+-------+-------++-------
  Melee: Short sword       |    72 |   154 |    60 ||   286
         Bite              |    30 |    74 |    23 ||   127
    Use: Scroll            |       |     3 |     6 ||     9
   Stab: Sleeping          |       |     1 |       ||     1
 Armour: Robe              |    35 |    54 |    24 ||   113
  Dodge: Dodged            |    37 |    91 |    25 ||   153
         Repelled          |       |     2 |       ||     2

Table legend: (Time is in decaauts)
 A = Elapsed time spent in this place.
 B = Non-inter-level travel time spent in this place.
 C = Inter-level travel time spent in this place.
 D = Time resting spent in this place.
 E = Time spent auto-exploring this place.
 F = Levels seen in this place.
 G = Mean time per level.
                   A        B        C        D        E       F      G
               +--------+--------+--------+--------+--------+-----+--------+
         Total |   2991 |   2830 |    161 |     46 |   2113 |   5 |  598.2 |
       Dungeon |   2986 |   2825 |    161 |     46 |   2110 |   4 |  746.5 |
        Temple |      4 |      4 |      0 |      0 |      3 |   1 |    4.0 |
               +--------+--------+--------+--------+--------+-----+--------+

Top non-repeatable levels by time:
     D:3: 847 daAuts
     D:2: 750 daAuts
     D:4: 729 daAuts
     D:1: 659 daAuts
  Temple: 4 daAuts
